 Dungeon Crawl Stone Soup version 0.22-a0-482-g76e0a5f (webtiles) character file.

42 Gildenfire the Covered (level 3, -2/23 HPs)
             Began as a Tengu Fighter on June 17, 2018.
             Splashed by an oklob plant's acid (17 damage)
             ... on level 2 of the Dungeon.
             The game lasted 00:07:49 (1513 turns).

Gildenfire the Covered (Tengu Fighter)              Turns: 1513, Time: 00:07:55

Health: -2/23      AC:  8    Str: 17    XL:     3   Next: 56%
Magic:  4/4        EV:  7    Int:  8    God:
Gold:   58         SH:  9    Dex: 13    Spells: 3/3 levels left

rFire    . . .     SeeInvis .   a - +0 war axe
rCold    . . .     Gourm    .   c - +0 shield
rNeg     . . .     Faith    .   b - +0 scale mail
rPois    .         Spirit   .   (helmet restricted)
rElec    .         Reflect  .   (no cloak)
rCorr    .         Harm     .   o - +0 pair of gloves
MR       .....                  (boots unavailable)
Stlth    ..........             (no amulet)
HPRegen  0.07/turn              (no ring)
MPRegen  0.09/turn              (no ring)

@: no status effects
A: beak, talons 3
a: no special abilities


You were on level 2 of the Dungeon.
You were hungry.

You visited 1 branch of the dungeon, and saw 2 of its levels.

You collected 58 gold pieces.

Inventory:

Hand Weapons
 a - a +0 war axe (weapon)
Armour
 b - a +0 scale mail (worn)
 c - a +0 shield (worn)
 o - a +0 pair of gloves (worn)
Scrolls
 g - 3 scrolls of identify {unknown}
 k - 2 scrolls of remove curse
 n - a scroll of enchant armour {unknown}
 r - a scroll of immolation {unknown}
Potions
 d - 3 potions of might
 e - a potion of mutation {unknown}
 h - 2 potions of flight {unknown}
 i - a potion of resistance {unknown}
 j - a potion of agility {unknown}
 l - 2 potions of heal wounds {unknown}
 m - a potion of curing {unknown}
 p - a potion of ambrosia {unknown}
Comestibles
 f - 3 rations


   Skills:
 + Level 3.2 Fighting
 * Level 3.1 Axes
 + Level 3.5 Armour
 + Level 0.2 Dodging
 + Level 3.3 Shields
 * Level 0.5 Spellcasting


You had 3 spell levels left.
You didn't know any spells.
Your spell library was empty.

Dungeon Overview and Level Annotations

Branches:
Dungeon (2/15)

Altars:
Fedhas
Trog
Vehumet

Annotations:
D:2 exclusion: oklob plant


Innate Abilities, Weirdness & Mutations

You have a beak for a mouth.
You have claws for feet.


Message History

You completely miss the fungus. You peck the fungus, but do no damage.
The fungus is moderately damaged.
You hit the plant. You hit the plant but do no damage. You hit the fungus.
You peck the fungus.
The fungus is heavily damaged.
You hit the plant. You hit the plant but do no damage. You slash the fungus!
You claw the fungus, but do no damage. You peck the fungus.
The fungus is almost destroyed.
You hit the plant but do no damage. You hit the plant. You hit the fungus.
The fungus is almost destroyed.
You hit the plant. You hit the plant but do no damage.
You completely miss the fungus.
You destroy the fungus!
You hit the plant but do no damage. x2
The oklob plant spits acid at you. The splash of acid hits you!
You are splashed with acid!
The acid burns!
Ouch! That really hurt!
You die...

#P##P.≈≈≈≈≈≈≈≈≈≈≈.PP#P##
#.PP#.≈≈≈≈...≈≈≈≈.#.P##
##PP#.≈≈≈≈._.≈≈≈≈.PPPP#
#PP.P.≈≈≈≈...≈≈≈≈.P#P##
#.PPP.≈≈≈≈≈.≈≈≈≈≈.PPPP#
#PP#P..≈≈≈≈.≈≈≈≈..PPP##
#PPPPP..≈≈≈.≈≈≈..PPPPP##
##PPP##..≈≈.≈≈..PP#P#P#.


#P#PP #@.......PPP#P#P## #P..PP.PP#P.PP.#P##P# # #.#....P.P#P#P##.# ##
#PPP.PPPPPPPPP##P# #PP#P.PP#PPPPPPP#P # ## ############# # #### #.## #.##
#########.## You could see an oklob plant.

Vanquished Creatures
  An ooze (D:1)
  2 dart slugs (D:1)
  A ball python (D:1)
  3 giant cockroaches (D:1)
  3 hobgoblins
  2 jackals (D:2)
  3 kobolds
  6 bats
  3 frilled lizards
  7 goblins
  3 rats
  A fungus (D:2)
  A plant (D:2)
36 creatures vanquished.

Notes
Turn   | Place    | Note
-------+----------+-------------------------------------------
     0 | D:1      | Gildenfire the Tengu Fighter began the quest for the Orb.
     0 | D:1      | Reached XP level 1. HP: 14/14 MP: 2/2
   110 | D:1      | Reached XP level 2. HP: 19/19 MP: 3/3
   336 | D:1      | Reached XP level 3. HP: 14/23 MP: 4/4
   700 | D:2      | Found a bloodstained altar of Trog.
   796 | D:2      | Found a radiant altar of Vehumet.
   842 | D:2      | Found a blossoming altar of Fedhas.
   863 | D:2      | Noticed an oklob plant
  1513 | D:2      | Splashed by an oklob plant's acid

Vault maps used:
D:1:      shiori_arrival_maze
D:2:      bloody_trog, nicolae_overflow_crystal_walls, tgw_fedhas

Skill      XL: |  1  2  3 |
---------------+----------+-----
Axes           | 3 |  3.1
Fighting       | |  3.2
Armour         | |  3.5
Dodging        | |  0.2
Shields        | |  3.3
Spellcasting   | |  0.5

Action                   || total
-------------------------++-------
Melee: War axe           ||    81
       Peck              ||    16
       Kick              ||    21
  Use: Scroll            ||     2
  Eat: Chunk             ||     1
Armor: Scale mail        ||    25
Dodge: Dodged            ||    18
Block: Shield            ||    40

Table legend:
 A = Spawn XP
 B = Non-spawn XP
 C = Spawn XP percentage of total XP
 D = Spawn monster count
 E = Non-spawn monster count
 F = Spawn count percentage of total count
 G = Total turns spent on level
                    A         B        C        D         E        F      G
               +---------+---------+-------+---------+---------+-------+---------
         Total |       0 |      61 |   0.0 |       0 |      34 |   0.0 |  1513
               +---------+---------+-------+---------+---------+-------+---------
           D:1 |       0 |      41 |   0.0 |       0 |      20 |   0.0 |   638
           D:2 |       0 |      20 |   0.0 |       0 |      14 |   0.0 |   875
               +---------+---------+-------+---------+---------+-------+---------
